DSL
DSL JACKSONVILLE BOMBERS @ DSL NEW YORK (A) YANKEES
07/06/2041
 
TOP OF THE 1ST
DSL Jacksonville Bombers batting - Pitching for DSL New York (A) Yankees : RHP António Herrera
Pitching: RHP António Herrera
Batting: LHB Freddy Abreu 0-0: Ground out 4-3 (Groundball, 4, EV 80.0 MPH)
Batting: RHB José Valentín 0-0: Foul Ball, location: 2LF
0-1: Called Strike
0-2: Ball
1-2: Strikes out swinging
Batting: RHB Merlin Lucas 0-0: Foul Ball, location: 2F
0-1: Fly out, F7 (Flyball, 78S, EV 85.0 MPH)
Top of the 1st over - 0 runs, 0 hits, 0 errors, 0 left on base; DSL Jacksonville 0 - DSL New York (A) 0
BOTTOM OF THE 1ST
DSL New York (A) Yankees batting - Pitching for DSL Jacksonville Bombers : LHP Juan Cantú
Pitching: LHP Juan Cantú
Batting: LHB Jon Bennett 0-0: Ball
1-0: SOLO HOME RUN (Line Drive, 8LXD, EV 113.8 MPH), Distance : 452 ft
Batting: RHB Mike Johnson 0-0: Foul Ball, location: 5SF
0-1: Ball
1-1: Bunted foul
1-2: Strikes out swinging
Batting: RHB Tony Cole 0-0: Foul Ball, location: 3SF
0-1: Ball
1-1: Ball
2-1: Called Strike
2-2: Strikes out looking
Batting: RHB José López 0-0: Ball
1-0: Ball
2-0: Ball
3-0: Called Strike
3-1: Ground out 6-3 (Groundball, 6, EV 85.6 MPH)
Bottom of the 1st over - 1 run, 1 hit, 0 errors, 0 left on base; DSL Jacksonville 0 - DSL New York (A) 1
TOP OF THE 2ND
DSL Jacksonville Bombers batting - Pitching for DSL New York (A) Yankees : RHP António Herrera
Batting: LHB Manny Huertas 0-0: Foul Ball, location: 2RF
0-1: Foul Ball, location: 2F
0-2: Strikes out swinging
Batting: RHB José Alfaro 0-0: Ground out U3 (Groundball, 34S, EV 83.1 MPH)
Batting: RHB José Castillo 0-0: Called Strike
0-1: Ball
1-1: Foul Ball, location: 5DF
1-2: Strikes out looking
Top of the 2nd over - 0 runs, 0 hits, 0 errors, 0 left on base; DSL Jacksonville 0 - DSL New York (A) 1
BOTTOM OF THE 2ND
DSL New York (A) Yankees batting - Pitching for DSL Jacksonville Bombers : LHP Juan Cantú
Batting: RHB Chad Tuttle 0-0: Ball
1-0: Called Strike
1-1: Swinging Strike
1-2: Ball
2-2: Ball
3-2: Base on Balls
Batting: RHB Juan Martínez 0-0: Ball
1-0: Sac Bunt to 13S - play at second, runner safe!
Batting: RHB Sean Burch 0-0: Ball
1-0: Swinging Strike
1-1: Bunt - Flyout to 2L! F2
Batting: RHB Héctor González 0-0: Ball
1-0: Grounds into double play, 5-4-3 (Groundball, 56D, EV 81.9 MPH)
Bottom of the 2nd over - 0 runs, 0 hits, 0 errors, 1 left on base; DSL Jacksonville 0 - DSL New York (A) 1
TOP OF THE 3RD
DSL Jacksonville Bombers batting - Pitching for DSL New York (A) Yankees : RHP António Herrera
Batting: SHB Constantin Odilo 0-0: Ball
1-0: Swinging Strike
1-1: Ball
2-1: Fly out, F8 (Flyball, 8RD, EV 107.5 MPH)
Batting: RHB Norberto Morales 0-0: Foul Ball, location: 2F
0-1: Foul Ball, location: 3FF
0-2: Ball
1-2: Ball
2-2: Foul Ball, location: 2F
2-2: Ball
3-2: SINGLE (Groundball, 34D, EV 108.1 MPH)
Batting: RHB José González 0-0: Ball
1-0: Foul Ball, location: 5F
1-1: Foul Ball, location: 2F
1-2: Strikes out swinging
Batting: LHB Freddy Abreu 0-0: Ball
1-0: Foul Ball, location: 2F
1-1: Ball
2-1: Ball
3-1: Called Strike
3-2: TRIPLE (Flyball, 89XD, EV 102.5 MPH)
Norberto Morales scores
Batting: RHB José Valentín 0-0: Foul Ball, location: 2F
0-1: Ball
1-1: Ground out 6-3 (Groundball, 6, EV 100.6 MPH)
Top of the 3rd over - 1 run, 2 hits, 0 errors, 1 left on base; DSL Jacksonville 1 - DSL New York (A) 1
BOTTOM OF THE 3RD
DSL New York (A) Yankees batting - Pitching for DSL Jacksonville Bombers : LHP Juan Cantú
Batting: RHB Mario Domínguez 0-0: Ball
1-0: Foul Ball, location: 3F
1-1: Foul Ball, location: 2F
1-2: Ball
2-2: Ball
3-2: Foul Ball, location: 2F
3-2: Foul Ball, location: 23FF
3-2: Foul Ball, location: 5FF
3-2: Foul Ball, location: 3F
3-2: SINGLE (Groundball, 56, EV 81.9 MPH)
Batting: LHB Jon Bennett 0-0: Fielders Choice at 2nd, 1-6 (Groundball, 34S, EV 65.6 MPH)
Batting: RHB Mike Johnson 0-0: Ball
Jon Bennett is caught stealing 2nd base 2-4
1-0: Ball
2-0: Ball
3-0: Called Strike
3-1: SOLO HOME RUN (Flyball, 89XD, EV 102.5 MPH), Distance : 423 ft
Batting: RHB Tony Cole 0-0: Called Strike
0-1: Called Strike
0-2: Strikes out swinging
Bottom of the 3rd over - 1 run, 2 hits, 0 errors, 0 left on base; DSL Jacksonville 1 - DSL New York (A) 2
TOP OF THE 4TH
DSL Jacksonville Bombers batting - Pitching for DSL New York (A) Yankees : RHP António Herrera
Batting: RHB Merlin Lucas 0-0: Swinging Strike
0-1: Ball
1-1: Ball
2-1: Ground out 5-3 (Groundball, 56S, EV 83.1 MPH)
Batting: LHB Manny Huertas 0-0: Called Strike
0-1: Foul Ball, location: 5FF
0-2: Strikes out swinging
Batting: RHB José Alfaro 0-0: Ball
1-0: Ball
2-0: Ball
3-0: Called Strike
3-1: Base on Balls
Batting: RHB José Castillo 0-0: Fly out, F4 (Popup, 4M, EV 59.4 MPH)
Top of the 4th over - 0 runs, 0 hits, 0 errors, 1 left on base; DSL Jacksonville 1 - DSL New York (A) 2
BOTTOM OF THE 4TH
DSL New York (A) Yankees batting - Pitching for DSL Jacksonville Bombers : LHP Juan Cantú
Batting: RHB José López 0-0: Ball
1-0: Called Strike
1-1: Ball
2-1: Called Strike
2-2: Strikes out looking
Batting: RHB Chad Tuttle 0-0: Ball
1-0: Ball
2-0: Called Strike
2-1: Ball
3-1: Fly out, F9 (Flyball, 89M, EV 93.1 MPH)
Batting: RHB Juan Martínez 0-0: Ball
1-0: Ball
2-0: Foul Ball, location: 25F
2-1: Foul Ball, location: 9LDF
2-2: Ball
3-2: Foul Ball, location: 5F
3-2: Base on Balls
Batting: RHB Sean Burch 0-0: Ball
1-0: Ball
2-0: Called Strike
2-1: Foul Ball, location: 2F
2-2: Strikes out swinging
Bottom of the 4th over - 0 runs, 0 hits, 0 errors, 1 left on base; DSL Jacksonville 1 - DSL New York (A) 2
TOP OF THE 5TH
DSL Jacksonville Bombers batting - Pitching for DSL New York (A) Yankees : RHP António Herrera
Batting: SHB Constantin Odilo 0-0: Ball
1-0: Ball
2-0: Swinging Strike
2-1: Swinging Strike
2-2: Strikes out swinging
Batting: RHB Norberto Morales 0-0: Ball
1-0: Ball
2-0: Called Strike
2-1: Ball
3-1: Called Strike
3-2: Foul Ball, location: 5F
3-2: Strikes out looking
Batting: RHB José González 0-0: Ball
1-0: Ball
2-0: Ball
3-0: Called Strike
3-1: Called Strike
3-2: Base on Balls
Batting: LHB Freddy Abreu 0-0: Foul Ball, location: 2F
0-1: Called Strike
José González steals 2nd base
0-2: Strikes out swinging
Top of the 5th over - 0 runs, 0 hits, 0 errors, 1 left on base; DSL Jacksonville 1 - DSL New York (A) 2
BOTTOM OF THE 5TH
DSL New York (A) Yankees batting - Pitching for DSL Jacksonville Bombers : LHP Juan Cantú
Batting: RHB Héctor González 0-0: Called Strike
0-1: Ball
1-1: Called Strike
1-2: Foul Ball, location: 25F
1-2: Ball
2-2: Foul Ball, location: 9LMF
2-2: Foul Ball, location: 9LMF
2-2: Strikes out swinging
Batting: RHB Mario Domínguez 0-0: Ball
1-0: Foul Ball, location: 2F
1-1: Ball
2-1: Ball
3-1: Base on Balls
Pitching: RHP José Gutiérrez
Batting: LHB Jon Bennett 0-0: Foul Ball, location: 3SF
0-1: Called Strike
0-2: Foul Ball, location: 2F
0-2: Grounds into double play, 5-4-3 (Groundball, 56, EV 88.8 MPH)
Bottom of the 5th over - 0 runs, 0 hits, 0 errors, 0 left on base; DSL Jacksonville 1 - DSL New York (A) 2
TOP OF THE 6TH
DSL Jacksonville Bombers batting - Pitching for DSL New York (A) Yankees : RHP António Herrera
Batting: RHB José Valentín 0-0: Ground out 6-3 (Groundball, 6, EV 87.5 MPH)
Batting: RHB Merlin Lucas 0-0: Ball
1-0: Swinging Strike
1-1: Foul Ball, location: 5F
1-2: Strikes out swinging
Batting: LHB Manny Huertas 0-0: Called Strike
0-1: Ball
1-1: Foul Ball, location: 2F
1-2: Strikes out swinging
Top of the 6th over - 0 runs, 0 hits, 0 errors, 0 left on base; DSL Jacksonville 1 - DSL New York (A) 2
BOTTOM OF THE 6TH
DSL New York (A) Yankees batting - Pitching for DSL Jacksonville Bombers : RHP José Gutiérrez
Batting: RHB Mike Johnson 0-0: Ball
1-0: Ball
2-0: Called Strike
2-1: Ball
3-1: Swinging Strike
3-2: Strikes out swinging
Batting: RHB Tony Cole 0-0: Ground out 6-3 (Groundball, 6, EV 87.5 MPH)
Batting: RHB José López 0-0: Called Strike
0-1: Ball
1-1: Ball
2-1: Called Strike
2-2: Ground out 1-3 (Groundball, 25, EV 73.8 MPH)
Bottom of the 6th over - 0 runs, 0 hits, 0 errors, 0 left on base; DSL Jacksonville 1 - DSL New York (A) 2
TOP OF THE 7TH
DSL Jacksonville Bombers batting - Pitching for DSL New York (A) Yankees : RHP António Herrera
Batting: RHB José Alfaro 0-0: Called Strike
0-1: Called Strike
0-2: Strikes out swinging
Pinch Hitting: RHB Ismael Flores 0-0: Ball
1-0: Ball
2-0: SINGLE (Groundball, 6, EV 95.6 MPH)
Pinch Hitting: LHB Norberto Ochoa 0-0: Ball
1-0: Fly out, F8 (Line Drive, 8RM, EV 85.6 MPH)
Batting: RHB Norberto Morales 0-0: SINGLE (Line Drive, 4MD, EV 101.3 MPH)
Ismael Flores to second
Batting: RHB José González 0-0: Foul Ball, location: 2F
0-1: Ball
1-1: Called Strike
1-2: Strikes out swinging
Top of the 7th over - 0 runs, 2 hits, 0 errors, 2 left on base; DSL Jacksonville 1 - DSL New York (A) 2
BOTTOM OF THE 7TH
DSL New York (A) Yankees batting - Pitching for DSL Jacksonville Bombers : RHP José Gutiérrez
Now in CF: José Murillo
Now in RF: Norberto Ochoa
Batting: RHB Chad Tuttle 0-0: Ball
1-0: Ball
2-0: Swinging Strike
2-1: Called Strike
2-2: Ball
3-2: Foul Ball, location: 25FF
3-2: Strikes out swinging
Batting: RHB Juan Martínez 0-0: Called Strike
0-1: Ball
1-1: Foul Ball, location: 2F
1-2: Strikes out looking
Batting: RHB Sean Burch 0-0: Ball
1-0: Swinging Strike
1-1: Foul Ball, location: 9LDF
1-2: Strikes out swinging
Bottom of the 7th over - 0 runs, 0 hits, 0 errors, 0 left on base; DSL Jacksonville 1 - DSL New York (A) 2
TOP OF THE 8TH
DSL Jacksonville Bombers batting - Pitching for DSL New York (A) Yankees : RHP António Herrera
Pitching: LHP Tommy Benton
Batting: LHB Freddy Abreu 0-0: Ball
1-0: Called Strike
1-1: Foul Ball, location: 5FF
1-2: Strikes out looking
Pitching: RHP Curt Keller
Batting: RHB José Valentín 0-0: Ball
1-0: Ball
2-0: Called Strike
2-1: Swinging Strike
2-2: Ball
3-2: Strikes out swinging
Batting: RHB Merlin Lucas 0-0: Ground out 6-3 (Groundball, 6, EV 93.8 MPH)
Top of the 8th over - 0 runs, 0 hits, 0 errors, 0 left on base; DSL Jacksonville 1 - DSL New York (A) 2
BOTTOM OF THE 8TH
DSL New York (A) Yankees batting - Pitching for DSL Jacksonville Bombers : RHP José Gutiérrez
Batting: RHB Héctor González 0-0: Foul Ball, location: 5DF
0-1: DOUBLE (Line Drive, 3D, EV 101.9 MPH)
Batting: RHB Mario Domínguez 0-0: Intentional Walk
Batting: LHB Jon Bennett 0-0: Ball
1-0: Reached via error on a dropped throw from P, E6 (Groundball, 13S, EV 65.0 MPH)
Héctor González to third
Mario Domínguez to second
Batting: RHB Jake Frazier 0-0: Called Strike
0-1: Foul Ball, location: 25F
0-2: Ball
1-2: Foul Ball, location: 2F
1-2: Strikes out swinging
Batting: RHB Tony Cole 0-0: Ball
1-0: Swinging Strike
1-1: Foul Ball, location: 2F
1-2: Strikes out swinging
Batting: RHB José López 0-0: Foul Ball, location: 7LMF
0-1: Ball
1-1: Swinging Strike
1-2: Foul Ball, location: 9LSF
1-2: Strikes out swinging
Bottom of the 8th over - 0 runs, 1 hit, 1 error, 3 left on base; DSL Jacksonville 1 - DSL New York (A) 2
TOP OF THE 9TH
DSL Jacksonville Bombers batting - Pitching for DSL New York (A) Yankees : RHP Curt Keller
Now in LF: Pete Akers
Now in RF: Donnie Cooper
Batting: LHB Manny Huertas 0-0: Ball
1-0: Called Strike
1-1: Ball
2-1: Ball
3-1: Base on Balls
Batting: RHB José Alfaro 0-0: Ball
1-0: Ball
2-0: Swinging Strike
2-1: Foul Ball, location: 3DF
2-2: Foul Ball, location: 2RF
2-2: Strikes out swinging
Pinch Hitting: LHB Mario Medina 0-0: Called Strike
0-1: Called Strike
0-2: Ball
1-2: Ball
2-2: Ball
3-2: Base on Balls
Manny Huertas to second
Batting: LHB Norberto Ochoa 0-0: Ball
1-0: Ball
2-0: Ball
3-0: Base on Balls
Manny Huertas to third
Mario Medina to second
Batting: RHB Norberto Morales 0-0: Called Strike
0-1: Ball
1-1: SINGLE (Line Drive, 6MD, EV 103.8 MPH)
Manny Huertas scores
Mario Medina to third
Norberto Ochoa to second
Batting: RHB José González 0-0: Ball
1-0: Ball
2-0: Ball
3-0: Base on Balls
Mario Medina scores
Norberto Ochoa to third
Norberto Morales to second
Batting: LHB Freddy Abreu 0-0: Ball
1-0: Swinging Strike
1-1: Foul Ball, location: 2F
1-2: Strikes out swinging
Batting: RHB José Valentín 0-0: Ball
1-0: Ball
2-0: Ball
3-0: Called Strike
3-1: Fly out, F6 (Popup, 6, EV 58.8 MPH)
Top of the 9th over - 2 runs, 1 hit, 0 errors, 3 left on base; DSL Jacksonville 3 - DSL New York (A) 2
BOTTOM OF THE 9TH
DSL New York (A) Yankees batting - Pitching for DSL Jacksonville Bombers : RHP José Gutiérrez
Pitching: RHP Anastasio Díaz
Now in CF: Mario Medina
Pinch Hitting: LHB Greg Scott 0-0: Ball
1-0: Called Strike
1-1: Foul Ball, location: 3SF
1-2: Ball
2-2: Ball
3-2: Foul Ball, location: 5FF
3-2: Base on Balls
Batting: RHB Juan Martínez 0-0: Bunted foul
0-1: Bunted foul
0-2: Ball
Pickoff Throw to First - Out! 1-3
1-2: Ball
2-2: SINGLE (Groundball, 34D, EV 95.6 MPH)
Pinch Hitting: LHB Sergio Albertoni 0-0: Foul Ball, location: 23F
0-1: Fielders Choice at 2nd, 4-6 (Groundball, 34, EV 80.6 MPH)
Pinch Hitting: RHB José Silva 0-0: Ball
1-0: Ball
2-0: Foul Ball, location: 2F
2-1: Called Strike
2-2: Foul Ball, location: 5DF
2-2: Foul Ball, location: 9LDF
2-2: Ball
3-2: Base on Balls
Sergio Albertoni to second
Batting: RHB Mario Domínguez 0-0: Ball
1-0: Ball
2-0: Ball
3-0: Called Strike
3-1: Base on Balls
Sergio Albertoni to third
José Silva to second
Pinch Hitting: RHB Tony Colón 0-0: Fly out, F8 (Flyball, 8RD, EV 110.6 MPH)
Bottom of the 9th over - 0 runs, 1 hit, 0 errors, 3 left on base; DSL Jacksonville 3 - DSL New York (A) 2
Wednesday, April 3rd , 2024 - OOTP Baseball 24.10 Build 82